 Dungeon Sprint DCSS version 0.22.1-1-ga44c0e56f4 (webtiles) character file.

71 MuseOD the Sneak (level 4, -1/24 HPs)
             Began as a Spriggan Enchanter on Sept 21, 2018.
             Slain by a worker ant (6 damage)
             ... in the Dungeon (Sprint II: "The Violet Keep of Menkaure").
             The game lasted 00:00:39 (51 turns).

MuseOD the Sneak (Spriggan Enchanter)                 Turns: 51, Time: 00:00:39

Health: -1/24      AC:  2    Str:  4    XL:     4   Next: 5%
Magic:  9/9        EV: 18    Int: 17    God:
Gold:   0          SH:  0    Dex: 16    Spells: 7/8 levels left

rFire    . . .     SeeInvis +   a - +1 dagger
rCold    . . .     Gourm    .   (shield restricted)
rNeg     . . .     Faith    .   b - +0 robe
rPois    .         Spirit   .   (helmet restricted)
rElec    .         Reflect  .   (no cloak)
rCorr    .         Harm     .   (gloves unavailable)
MR       .....     NoTele   +   (boots unavailable)
Stlth    ++++......             (no amulet)
HPRegen  0.08/turn              (no ring)
MPRegen  0.11/turn              (no ring)

@: berserk cooldown, slowed, quick
A: very small, unfitting armour, see invisible, herbivore, speed 3, slow
metabolism 2
a: no special abilities


You were in the Dungeon.
You were not hungry.

You visited 1 branch

Inventory:

Hand Weapons
 a - a +1 dagger (weapon)
Armour
 b - a +0 robe (worn)
Scrolls
 j - a scroll of blinking
Potions
 e - a potion of curing
 f - a potion of heal wounds
 g - a potion of haste
 h - 2 potions of magic
Comestibles
 d - a ration


   Skills:
 + Level 3.0 Fighting
 * Level 6.1 Short Blades
 - Level 3.0 Dodging
 + Level 7.6 Stealth
 - Level 2.6 Spellcasting
 - Level 3.6 Hexes


You had 7 spell levels left.
You knew the following spells:

 Your Spells              Type           Power        Failure   Level  Hunger
a - Corona                Hex            ##.....      4%          1    #......

Your spell library contained the following spells:

 Spells                   Type           Power        Failure   Level  Hunger
 Confuse                  Hex            ##......     12%         3    ###....
 Tukima's Dance           Hex            ##......     12%         3    ###....
 Ensorcelled Hibernation  Hex/Ice        #.....       13%         2    ##.....
 Dazzling Spray           Conj/Hex       #.....       26%         3    ###....


Dungeon Overview and Level Annotations

Branches:
Dungeon (1/1)

Altars:


Innate Abilities, Weirdness & Mutations

You are very small and have problems with some larger weapons.
You are too small for most types of armour.
You have supernaturally acute eyesight. (SInv)
You are a herbivore.
You cover ground extremely quickly.
You need to consume almost no food.


Message History

The worker ant barely misses you.
There is an open door, spattered with blood here.
There is a staircase leading out of the dungeon here.
The worker ant closely misses you. The worker ant barely misses you.
The worker ant waves its antennae.
There is an open door, spattered with blood here.
You see here 243 gold pieces.
You open the door. The worker ant barely misses you. The worker ant misses you.
There is an open door here.
The worker ant bites you.
* * * LOW HITPOINT WARNING * * *
The worker ant barely misses you.
You see here 243 gold pieces.
There is an open door here.
You see here 243 gold pieces.
There is an open door here.
You see here 243 gold pieces.
The worker ant bites you.
You die...

## .# ### .##
#+# #.##..#
##.###@.#..#
+.<.'a##'..#
##.###..#....#
#+#
#.##..§...≈
### ≈.....≈
≈≈≈≈..≈
≈≈§≈§.≈
§§§§≈§≈
≈≈≈≈§≈≈


You could see a worker ant.

Vanquished Creatures
  3 worker ants (D)
3 creatures vanquished.

Vanquished Creatures (others)
  Menkaure (D)
1 creature vanquished.

Grand Total: 4 creatures vanquished

Notes
Turn   | Place    | Note
-------+----------+-------------------------------------------
     0 | D        | MuseOD the Spriggan Enchanter began the quest for the Orb.
     0 | D        | Reached XP level 1. HP: 9/9 MP: 5/5
     1 | D        | Noticed a worker ant
     1 | D        | Noticed a worker ant
     3 | D        | Noticed a worker ant
     3 | D        | Noticed a worker ant
    10 | D        | Killed a worker ant
    10 | D        | Reached skill level 6 in Stealth
    10 | D        | Reached XP level 2. HP: 3/15 MP: 6/6
    15 | D        | Reached skill level 5 in Short Blades
    15 | D        | Reached skill level 7 in Stealth
    15 | D        | Reached XP level 3. HP: 5/19 MP: 8/8
    18 | D        | Reached XP level 4. HP: 6/24 MP: 9/9
    32 | D        | Killed Menkaure
    51 | D        | Slain by a worker ant

Skill      XL: |  1  2  3 |
---------------+----------+-----
Fighting       | 2 3 |  3.0
Short Blades   | 4 5 6 |  6.1
Stealth        | 6 7 |  7.6
Dodging        | |  3.0
Spellcasting   | |  2.6
Hexes          | |  3.6

Action                   |  1- 3 |  4- 6 || total
-------------------------+-------+-------++-------
Melee: Dagger            |    12 |     1 ||    13
  Use: Potion            |     1 |       ||     1
Dodge: Dodged            |     6 |     7 ||    13
